 Dungeon Crawl Stone Soup version 0.31.0-9-g3a7656b989 (webtiles) character file.

Game seed: 2713641229002546672

75 qw the Shooter (level 4, -18/22 HPs)
             Began as a Spriggan Hunter on Feb 2, 2024.
             Demolished by an orc
             ... wielding a +2 hand axe of electrocution
              (19 damage)
             ... on level 3 of the Dungeon.
             The game lasted 00:00:04 (1343 turns).

qw the Shooter (Spriggan Hunter)                    Turns: 1343, Time: 00:00:05

Health: -18/22     AC:  2    Str:  7    XL:     4   Next: 11%
Magic:  5/5        EV: 19    Int: 10    God:
Gold:   172        SH:  0    Dex: 20    Spells: 3/3 levels left

rFire   . . .        a - +0 shortbow
rCold   . . .        (shield currently unavailable)
rNeg    . . .        c - +0 robe
rPois   .            (helmet restricted)
rElec   .            (no cloak)
rCorr   .            (gloves unavailable)
SInv    +            (boots unavailable)
Will    .....        (no amulet)
Stlth   ++           (no ring)
HPRegen 0.23/turn    (no ring)
MPRegen 0.09/turn

%: no passive effects
@: very quick
A: very small, no large weapons, unfitting armour, see invisible, speed 3
a: no special abilities


You were on level 3 of the Dungeon.
You visited 1 branch of the dungeon, and saw 3 of its levels.

You collected 172 gold pieces.


Innate Abilities, Weirdness & Mutations

You are very small and have problems with some larger weapons.
You are too small for most types of armour.
You have supernaturally acute eyesight. (SInv)
You cover ground extremely quickly. (Speed+++)


   Skills:
 - Level 1.5 Fighting
 - Level 5.0 Ranged Weapons
 + Level 4.4 Dodging
 - Level 1.5 Stealth


You had 3 spell levels left.
You didn't know any spells.
Your spell library was empty.

Inventory:

Hand Weapons
 a - a +0 shortbow (weapon)
Armour
 c - a +0 robe (worn)
Scrolls
 d - a scroll of enchant weapon {unknown}
Potions
 b - a potion of mutation {unknown}
 e - a potion of enlightenment {unknown}

Dungeon Overview and Level Annotations

Branches:
Dungeon (3/15)

Altars:


Message History

You see here a hobgoblin corpse.
You see here a hobgoblin corpse.
A kobold and a ball python come into view.
The kobold is wielding a +0 short sword and quivering poisoned darts.
Found a stone staircase leading down.
The kobold shouts!
The ball python moves out of view.
You shoot an arrow. The arrow hits the kobold.
You kill the kobold!
You shoot an arrow. The ball python hisses angrily.
The arrow hits the ball python.
The ball python is heavily wounded.
You shoot an arrow. The arrow hits the ball python.
You kill the ball python!
Things that are here:
a +0 short sword; 6 poisoned darts; a ball python corpse
d - a scroll labelled JAUNESA OHICH You now have 172 gold pieces (gained 12).
Found a whip.
An orc comes into view.
It is wielding a +2 hand axe of electrocution.
The orc shouts!
You shoot an arrow. The arrow hits the orc.
The orc is moderately wounded.
You shoot an arrow. The arrow closely misses the orc.
You shoot an arrow.
The arrow hits the orc but does no damage.
The orc is moderately wounded.
You shoot an arrow. The arrow closely misses the orc.
You hear the slow rusting of a very distant drain.
You shoot an arrow. The arrow barely misses the orc.
The orc barely misses you.
The orc hits you with a +2 hand axe of electrocution.
You are electrocuted!
Ouch! That really hurt!
You shoot an arrow. The arrow closely misses the orc.
The orc hits you with a +2 hand axe of electrocution.
You are electrocuted!!
Ouch! That really hurt!
You die...

##........# . #........#
.# #........#######8#
#................#
##....)..#####.###
#>......# #.#
###.......#####.##
....##...........#
........#######o@#
##..######..............
# . #.####).###.##. #...
#.##. #.. . ### #


You could see an orc.

Vanquished Creatures
  3 adders (D:2)
  2 dart slugs
  2 ribbon worms (D:2)
  7 ball pythons
  3 endoplasms
  4 hobgoblins
  A quokka (D:1)
  5 bats
  3 frilled lizards
  5 goblins
  4 kobolds
  4 rats
43 creatures vanquished.

Notes
Turn   | Place    | Note
-------+----------+-------------------------------------------
     0 | D:1      | qw the Spriggan Hunter began the quest for the Orb.
     0 | D:1      | Reached XP level 1. HP: 10/10 MP: 2/2
     0 | D:1      | 0 ||| qw: Version: 0.3-a-155-g5e7d8dd
     0 | D:1      | 0 ||| qw: Game counter: 2556
     0 | D:1      | 0 ||| qw: Melee chars always use a shield: true
     0 | D:1      | 0 ||| qw: God list: Okawaru
     0 | D:1      | 0 ||| qw: Allow faded altars: false
     0 | D:1      | 0 ||| qw: Do Orc after clearing Dungeon:15 true
     0 | D:1      | 0 ||| qw: Do second Lair branch before Depths: true
     0 | D:1      | 0 ||| qw: Lair rune preference: random
     0 | D:1      | 0 ||| qw: Goals: Normal
     0 | D:1      | 0 ||| PLANNING D:1-11
    26 | D:1      | Reached skill level 3 in Dodging
   381 | D:1      | Reached XP level 2. HP: 14/14 MP: 3/3
   614 | D:1      | 614 ||| READING scroll labelled QADUIJ DOTUKI.
   715 | D:1      | 715 ||| DROPPING scroll of butterflies.
   885 | D:2      | Reached XP level 3. HP: 18/18 MP: 4/4
  1008 | D:2      | Reached skill level 5 in Ranged Weapons
  1019 | D:2      | 1019 ||| FLEEEEING.
  1020 | D:2      | 1020 ||| FLEEEEING.
  1021 | D:2      | 1021 ||| FLEEEEING.
  1023 | D:2      | 1023 ||| FLEEEEING.
  1024 | D:2      | 1024 ||| FLEEEEING.
  1034 | D:2      | Reached XP level 4. HP: 22/22 MP: 5/5
  1269 | D:3      | 1269 ||| PLANNING SEWER
  1342 | D:3      | HP: 3/22 [orc/+2 hand axe of electrocution (13)]
  1343 | D:3      | HP: 1/22 [orc/+2 hand axe of electrocution (2)]
  1343 | D:3      | Demolished by an orc

Levels and vault maps discovered:
D:1:      dpeg_arrival_simpleton_b, layout_basic
D:2:      minmay_spotlight, layout_basic, minivault_23
D:3:      layout_loops_ring, serial_shops, nicolae_shop_statue_plus,
          gup_sewer_entry_bubbles

Skill      XL: |  1  2  3 |
---------------+----------+-----
Dodging        | 3 4 |  4.4
Ranged Weapons | 5 |  5.0
Fighting       | |  1.5
Stealth        | |  1.5

Action                     |  1- 3 |  4- 6 || total
---------------------------+-------+-------++-------
   Fire: Shortbow          |    91 |    16 ||   107
    Use: Scroll            |     1 |       ||     1
 Armour: Robe              |     7 |     2 ||     9
  Dodge: Dodged            |    18 |     1 ||    19

Table legend:
 A = Non-vault XP
 B = Vault XP
 C = Vault XP percentage of total XP
 D = Non-vault monster count
 E = Vault monster count
 F = Vault count percentage of total count
                 A         B        C        D         E       F
            +---------+---------+-------+---------+---------+-------
      Total |     105 |       3 |   2.8 |      41 |       2 |   4.7
            +---------+---------+-------+---------+---------+-------
        D:1 |      30 |       0 |   0.0 |      19 |       0 |   0.0
        D:2 |      70 |       3 |   4.1 |      19 |       2 |   9.5
        D:3 |       5 |       0 |   0.0 |       3 |       0 |   0.0
            +---------+---------+-------+---------+---------+-------
